 Dungeon Crawl Stone Soup version 0.30-a0-137-gd8773701ce (webtiles) character file.

Game seed: 10216419584123284103

16 Julmuri the Firebug (level 2, 0/20 HPs)
             Began as a Demigod Fire Elementalist on Sept 23, 2022.
             Slain by a quokka (2 damage)
             ... on level 2 of the Dungeon.
             The game lasted 00:04:58 (1074 turns).

Julmuri the Firebug (Demigod Fire Elementalist)     Turns: 1074, Time: 00:04:58

Health: 0/20       AC:  2    Str:  9    XL:     2   Next: 24%
Magic:  4/7        EV: 12    Int: 17    God:
Gold:   42         SH:  0    Dex: 14    Spells: 4/5 levels left

rFire   . . .      SeeInvis .    g - +0 short sword
rCold   . . .      Faith    .    (no shield)
rNeg    . . .      Spirit   .    a - +0 robe
rPois   .          Reflect  .    (no helmet)
rElec   .          Harm     .    (no cloak)
rCorr   .          Rampage  .    (no gloves)
Will    .....                    (no boots)
Stlth   ++........               (no amulet)
HPRegen 0.06/turn                (no ring)
MPRegen 0.10/turn                (no ring)

@: no status effects
A: high MP 1, forlorn, divine attributes
a: no special abilities


You were on level 2 of the Dungeon.
You visited 1 branch of the dungeon, and saw 2 of its levels.

You collected 42 gold pieces.

Inventory:

Hand Weapons
 g - a +0 short sword (weapon)
Armour
 a - a +0 robe (worn)
Jewellery
 d - a ring of positive energy
 i - an amulet of the acrobat
Scrolls
 e - a scroll of vulnerability {unknown}
 f - 2 scrolls of identify {unknown}
Potions
 b - a potion of magic
 c - 2 potions of flight {unknown}
 h - a potion of curing {unknown}


   Skills:
 + Level 1.9 Dodging
 + Level 1.9 Stealth
 + Level 2.0 Spellcasting
 + Level 0.8 Conjurations
 + Level 3.1 Fire Magic


You had 4 spell levels left.
You knew the following spells:

 Your Spells              Type           Power      Damage    Failure   Level
a - Foxfire               Conj/Fire      32%        2x1d5     9%          1

Your spell library contained the following spells:

 Spells                   Type           Power      Damage    Failure   Level
 Scorch                   Fire           24%        2d6       9%          2
 Inner Flame              Hex/Fire       7%         N/A       30%         3
 Kindle Blastsparks       Fire/Tloc/Air  10%        2d10      36%         3
 Flame Wave               Conj/Fire      8%         2d5       63%         4


Dungeon Overview and Level Annotations

Branches:
Dungeon (2/15)

Annotations:
D:2 Sigmund


Innate Abilities, Weirdness & Mutations

You have an increased reservoir of magic. (+10% MP)
You shall have no god before yourself.
Your divine heritage dramatically boosts your attributes as you level up.


Message History

Sigmund is moderately wounded.
Casting: Foxfire (safe; 9% risk of failure)
Press: ? - help, Q - select action Dir - look around, f - activate You conjure some foxfire!
Your foxfire dissipates!
The foxfire hits Sigmund but does no damage.
Sigmund is moderately wounded.
Sigmund casts a spell at you.
You are confused.
You're too confused to cast spells.
You're too confused to cast spells.
Sigmund breathes a few words.
Sigmund's hands start flickering wildly.
Sigmund casts a spell at you. The magic dart hits you.
You're too confused to cast spells.
An adder comes into view.
Found a stone staircase leading up.
A goblin comes into view. It is wielding a +0 club.
Found a scroll labelled QAREOWISMA and a scroll labelled RASCHI XIRHALY.
The goblin shouts!
You hear an angry hiss.
The adder hisses angrily.
Sigmund points at you and mumbles some strange words.
The magic dart hits you!
You feel less confused. Sigmund casts a spell at you.
The puff of flame hits you.
* * * LOW HITPOINT WARNING * * *
A quokka comes into view.
The quokka closely misses you. The quokka attacks as you move away!
The quokka closely misses you. The quokka misses you.
The quokka attacks as you move away! The quokka barely misses you.
The quokka attacks as you move away!
The quokka bites you but does no damage.
The quokka barely misses you. The quokka attacks as you move away!
The quokka completely misses you.
Sigmund says, "You will soon forget everything."
The quokka attacks as you move away! The quokka bites you.
You die...

#.........#
#.#
.....$K(..#
#.#
...<....#.#
#.#
......$.#.##
#.#
........#..##
#.#
........##..#
#.#
...########.#
#.# .## #.##
#<# #..###@#
#######..##r#
........S##g#
<.....S..K#.#
........#@#.#
.......g#.#@#
........#.#K#
........#g#.#
........#.#.#


You could see Sigmund, a quokka, a goblin and a kobold.

Vanquished Creatures
  3 ball pythons (D:1)
  2 bats (D:1)
  An endoplasm (D:1)
  A giant cockroach (D:1)
  A goblin (D:1)
  2 quokkas (D:1)
  2 frilled lizards (D:1)
  2 kobolds (D:1)
14 creatures vanquished.

Vanquished Creatures (others)
  40 foxfires
40 creatures vanquished.

Grand Total: 54 creatures vanquished

Notes
Turn   | Place    | Note
-------+----------+-------------------------------------------
     0 | D:1      | Julmuri the Demigod Fire Elementalist began the quest for
                  | the Orb.
     0 | D:1      | Reached XP level 1. HP: 14/14 MP: 5/5
   491 | D:1      | Reached skill level 3 in Fire Magic
   491 | D:1      | Reached XP level 2. HP: 19/20 MP: 5/7
  1037 | D:2      | Noticed Sigmund
  1059 | D:2      | HP: 1/20 [Sigmund/puff of flame (6)]
  1074 | D:2      | Slain by a quokka

Illustrated notes

Levels and vault maps discovered:
D:1:      wheals_arrival_linesprint, layout_basic,
          dreamdust_ecumenical_altar_angels_and_demons, dk_noncrumbling_2
D:2:      layout_rooms, basic_altar, uniq_sigmund

Skill      XL: |  1 |
---------------+----+-----
Spellcasting   | 2 |  2.0
Fire Magic     | 3 |  3.1
Dodging        | |  1.9
Stealth        | |  1.9
Conjurations   | |  0.8

Action                   || total
-------------------------++-------
 Cast: Foxfire           ||    34
Armor: Robe              ||     4
Dodge: Dodged            ||    15

Table legend: (Time is in decaauts)
 A = Elapsed time spent in this place.
 B = Non-inter-level travel time spent in this place.
 C = Inter-level travel time spent in this place.
 D = Time resting spent in this place.
 E = Time spent auto-exploring this place.
 F = Levels seen in this place.
 G = Mean time per level.
                   A        B        C        D        E       F      G
               +--------+--------+--------+--------+--------+-----+--------+
         Total |   1073 |   1073 |      0 |     59 |    767 |   2 |  536.5 |
       Dungeon |   1073 |   1073 |      0 |     59 |    767 |   2 |  536.5 |
               +--------+--------+--------+--------+--------+-----+--------+

Top non-repeatable levels by time:
     D:1: 1009 daAuts
     D:2: 63 daAuts
